 Dungeon Sprint DCSS version 0.30.1-11-g7821555f0a (webtiles) character file.

Game seed: 9232748519011456545

19 Groucho the Magician (level 2, 0/23 HPs)
             Began as a Djinni Earth Elementalist on Dec 31, 2023.
             Was a Believer of Dithmenos.
             Slain by a warg (7 damage)
             ... in the Dungeon (Sprint VII: "The Pits").
             The game lasted 00:02:21 (727 turns).

Groucho the Magician (Djinni Earth Elementalist)     Turns: 727, Time: 00:02:22

Health: 0/23       AC:  2    Str:  7    XL:     2   Next: 95%
Gold:   0          EV: 12    Int: 16    God:    Dithmenos [**....] SH:  0 Dex: 13

rFire   + + .        g - +2 trident
rCold   x . .        (no shield)
rNeg    . . .        a - +0 robe
rPois   ∞            (no helmet)
rElec   .            (no cloak)
rCorr   .            (no gloves)
SInv    .            (boots unavailable)
Will    .....        (no amulet)
Stlth   ++           (no ring)
HPRegen 0.23/turn    (no ring)
MPRegen 0.00/turn

%: no teleportation, infuse magic (-1 HP)
@: flying, wreathed by umbra
A: sickness immunity, fire resistance 2, cold vulnerability 1, float, innate
caster, HP casting, extra vitality 1
a: Renounce Religion, Shadow Step


You were in the Dungeon.
You worshipped Dithmenos.
Dithmenos was pleased with you.
You visited 1 branch

Inventory:

Hand Weapons
 g - a +2 trident (weapon)
Armour
 a - a +0 robe (worn)
 j - a +3 ring mail
Scrolls
 f - a scroll of blinking
 i - a scroll of butterflies
Potions
 b - 6 potions of curing
 c - 5 potions of heal wounds
 d - a potion of haste
 e - 3 potions of berserk rage
 h - 2 potions of invisibility


   Skills:
 + Level 2.0 Fighting
 - Level 2.1 Dodging
 - Level 1.5 Stealth
 + Level 4.3 Spellcasting


You knew the following spells:

 Your Spells              Type           Power      Damage    Failure   Level
a - Sandblast             Erth           34%        2d9       2%          1
b - Passwall              Tmut/Erth      14%        N/A       4%          2
c - Stone Arrow           Conj/Erth      34%        3d9       9%          3
d - Petrify               Tmut/Erth      17%        N/A       26%         4
Your spell library was empty.

Dungeon Overview and Level Annotations

Branches:
Dungeon (1/1)

Altars:
Ashenzari
Cheibriados
Dithmenos
Elyvilon
Fedhas
Gozag
Hepliaklqana
Makhleb
Nemelex Xobeh
Okawaru
Qazlal
Ru
Trog
Uskayaw
Wu Jian
Xom
Yredelemnul
Zin
The Shining One
Jiyva
Lugonu


Innate Abilities, Weirdness & Mutations

You are immune to sickness and miasma.
You are immune to poison.
Your flesh is very heat resistant. (rF++)
You are vulnerable to cold. (rC-)
You float through the air rather than walking.
You learn spells naturally, not from books.
Your magical power is your life essence.
You have superior vitality. (+4 MHP)


Message History

The warg is moderately wounded.
The warg closely misses you. The warg misses you.
Unknown command.
Casting: Sandblast (safe; 2% risk of failure)
Confirm with . or Enter, or press ? or * to list all spells.
Okay, then.
Casting: Sandblast (safe; 2% risk of failure)
Confirm with . or Enter, or press ? or * to list all spells.
Aiming: Sandblast (safe; 2% risk of failure)
Press: ? - help, Shift-Dir - straight line, f/p - warg
Aim: a warg (moderately wounded, umbra, 77% to hit)
The blast of sand hits the warg!
The warg is severely wounded.
The warg misses you.
Unknown command.
Casting: Sandblast (safe; 2% risk of failure)
Confirm with . or Enter, or press ? or * to list all spells.
Aiming: Sandblast (safe; 2% risk of failure)
Press: ? - help, Shift-Dir - straight line, f/p - warg
Aim: a warg (severely wounded, umbra, 77% to hit)
The blast of sand hits the warg.
The warg is almost dead.
The warg bites you. The warg barely misses you.
Unknown command.
Casting: Sandblast (safe; 2% risk of failure)
Confirm with . or Enter, or press ? or * to list all spells.
Aiming: Sandblast (safe; 2% risk of failure)
Press: ? - help, Shift-Dir - straight line, f/p - warg
Aim: a warg (almost dead, umbra, 77% to hit)
The blast of sand misses the warg.
The warg barely misses you. The warg closely misses you.
Casting: Sandblast (safe; 2% risk of failure)
Confirm with . or Enter, or press ? or * to list all spells.
Aiming: Sandblast (safe; 2% risk of failure)
Press: ? - help, Shift-Dir - straight line, f/p - warg
Aim: a warg (almost dead, umbra, 77% to hit)
The blast of sand hits the warg but does no damage.
The warg is almost dead.
The warg bites you! x2
You die...

#...........'.....
#'#####'#####.....
#.#[.#.....##.....
#.#))#####'#####'#
#.#))#.....##.....
#.#))#.....##.....
#.#..###÷####.....
#.##'#.....##...<.
#@#........##.....
#h#..÷....÷##.....
#'###########.....
#.. ###### #...
#...# #..## #...
#...


You could see a warg.

Vanquished Creatures
  An ufetubus (D)
  An adder zombie (D)
  A giant cockroach (D)
  A hobgoblin (D)
  2 jackals (D)
  2 quokkas (D)
  A bat (D)
  A rat (D)
10 creatures vanquished.

Notes
Turn   | Place    | Note
-------+----------+-------------------------------------------
     0 | D        | Groucho the Djinni Earth Elementalist began the quest for
                  | the Orb.
     0 | D        | Groucho set off with the following spells memorised:
                  | Sandblast, Passwall, Stone Arrow, Petrify.
     0 | D        | Reached XP level 1. HP: 15/15 MP: 0/0
   224 | D        | Found a bloodstained altar of Trog.
   224 | D        | Found a viscous altar of Jiyva.
   224 | D        | Found a hazy altar of Hepliaklqana.
   224 | D        | Found an opulent altar of Gozag.
   225 | D        | Found a glowing golden altar of the Shining One.
   225 | D        | Found a glowing silver altar of Zin.
   225 | D        | Found a basalt altar of Yredelemnul.
   225 | D        | Found a shimmering altar of Xom.
   225 | D        | Found an ornate altar of the Wu Jian Council.
   225 | D        | Found a sacrificial altar of Ru.
   225 | D        | Found a stormy altar of Qazlal.
   225 | D        | Found an iron altar of Okawaru.
   225 | D        | Found a sparkling altar of Nemelex Xobeh.
   225 | D        | Found a burning altar of Makhleb.
   225 | D        | Found a blossoming altar of Fedhas.
   225 | D        | Found a white marble altar of Elyvilon.
   225 | D        | Found a shadowy altar of Dithmenos.
   225 | D        | Found a snail-covered altar of Cheibriados.
   226 | D        | Found a corrupted altar of Lugonu.
   227 | D        | Found a hide-covered altar of Uskayaw.
   227 | D        | Found a broken altar of Ashenzari.
   232 | D        | Became a worshipper of Dithmenos the Shadowed
   246 | D        | Reached skill level 3 in Spellcasting
   247 | D        | Reached XP level 2. HP: 19/21 MP: 0/0
   435 | D        | Reached * piety under Dithmenos
   438 | D        | Reached skill level 4 in Spellcasting
   444 | D        | Reached ** piety under Dithmenos
   445 | D        | Reached skill level 1 in Fighting
   720 | D        | Noticed a warg
   727 | D        | Slain by a warg

Illustrated notes

Levels and vault maps discovered:
D:        pitsprint [storerooms_1, entrance_room_1, metal_vault_5, armoury_3,
          mini_pit_1, grid_room_1, main_hall_1, silver_pit, the_coven_3,
          the_vestibule_1, steel_vault_4, golden_pit, hallway_of_sentries,
          crystal_vault_4, iron_vault_1, final_vault]

Skill      XL: |  1  2 |
---------------+-------+-----
Spellcasting   | 3 4 |  4.3
Fighting       | 2 |  2.0
Dodging        | |  2.1
Stealth        | |  1.5

Action                     || total
---------------------------++-------
  Melee: Unarmed           ||     1
   Cast: Sandblast         ||    23
    Use: Potion            ||     1
 Armour: Robe              ||     3
  Dodge: Dodged            ||    13
